 Dungeon Crawl Stone Soup version 0.30-a0-585-g93115170b9 (webtiles) character file.

Game seed: 16324110744072371581

20 Keeyek the Conjurer (level 2, -2/18 HPs)
             Began as a Gargoyle Reaver on Jan 2, 2023.
             Was a Follower of Makhleb.
             Slain by Terence
             ... wielding a +0 flail
              (5 damage)
             ... on level 2 of the Dungeon.
             The game lasted 00:18:53 (1218 turns).

Keeyek the Conjurer (Gargoyle Reaver)               Turns: 1218, Time: 00:18:54

Health: -2/18      AC:  9    Str: 15    XL:     2   Next: 79%
Magic:  5/5        EV:  9    Int: 13    God:    Makhleb [*.....]
Gold:   22         SH:  0    Dex:  8    Spells: 4/5 levels left

rFire   + . .      SeeInvis .    i - staff of fire
rCold   . . .      Faith    .    (no shield)
rNeg    + . .      Spirit   .    j - +0 scale mail
rPois   ∞          Reflect  .    g - +0 helmet
rElec   +          Harm     .    (no cloak)
rCorr   .          Rampage  .    (no gloves)
Will    .....                    (no boots) Stlth
                                 (no amulet)
HPRegen 0.23/turn                (no ring)
MPRegen 0.09/turn                (no ring)

@: no status effects
A: sickness immunity, AC +2, negative energy resistance 1, electricity
resistance, torment resistance 1, petrification resistance
a: Renounce Religion


You were on level 2 of the Dungeon.
You worshipped Makhleb.
Makhleb was aware of your devotion.
You visited 1 branch of the dungeon, and saw 2 of its levels.

You collected 22 gold pieces.

Inventory:

Hand Weapons
 a - a +0 mace
 h - a +0 dagger
Armour
 b - a +0 leather armour
 g - a +0 helmet (worn)
 j - a +0 scale mail (worn)
Magical Staves
 i - a staff of fire (weapon)
Jewellery
 d - a ring of wizardry
Scrolls
 c - a scroll of enchant weapon {unknown}
 f - a scroll of brand weapon {unknown}
Potions
 e - 2 potions of curing {unknown}


   Skills:
 + Level 2.4 Fighting
 + Level 3.4 Maces & Flails
 + Level 0.5 Armour
 + Level 1.5 Dodging
 + Level 2.1 Spellcasting
 + Level 3.4 Conjurations


You had 4 spell levels left.
You knew the following spells:

 Your Spells              Type           Power      Damage    Failure   Level
a - Kiss of Death         Conj/Necr      20%        2d7       45%         1

Your spell library contained the following spells:

 Spells                   Type           Power      Damage    Failure   Level
 Momentum Strike          Conj/Tloc      10%        3d8       58%         2
 Hailstorm                Conj/Ice       5%         3d4       83%         3
 Frozen Ramparts          Ice            2%         1d1       97%         3
 Ice Form                 Ice/Tmut       1%         N/A       100%        4
 Summon Ice Beast         Ice/Summ       1%         N/A       100%        4


Dungeon Overview and Level Annotations

Branches:
Dungeon (2/15)

Altars:
Makhleb

Shops:
D:1 =

Annotations:
D:2 Terence


Innate Abilities, Weirdness & Mutations

You are immune to sickness and miasma.
Your stone body is resilient. (AC +2)
You are immune to poison.
You resist negative energy. (rN+)
You are resistant to electric shocks. (rElec)
You are resistant to unholy torment.
You are immune to petrification.


Message History

Found a scroll labelled LEDUBL SAATTE.
Terence the Incautious comes into view.
He is wielding a +0 flail.
Found a stone staircase leading up.
You see here a scroll labelled DUGGAEN MOCEE.
Okay, then.
Casting: Kiss of Death (safe; 45% risk of failure)
Confirm with . or Enter, or press ? or * to list all spells.
You can't see any susceptible monsters within range! (Use Z to cast anyway.)
Casting: Kiss of Death (safe; 45% risk of failure)
Confirm with . or Enter, or press ? or * to list all spells.
Okay, then.
i - a staff of fire (weapon)
Found a scroll labelled MOXKUL OSHRUEG ERO.
Terence barely misses you.
You barely miss Terence. Terence barely misses you.
You hit Terence.
Terence is moderately wounded.
Terence says, "Don't bother to defend, it's useless."
Terence hits you with a +0 flail!
Ouch! That really hurt!
Terence barely misses you.
You closely miss Terence.
Terence is lightly wounded.
Terence hits you but does no damage.
You hit Terence but do no damage.
Terence is lightly wounded.
Terence hits you but does no damage.
You barely miss Terence.
Terence is lightly wounded.
Terence hits you with a +0 flail.
You barely miss Terence.
Terence is lightly wounded.
Terence hits you with a +0 flail.
* * * LOW HITPOINT WARNING * * *
Terence is nearby!
Terence attacks as you move away! Terence hits you with a +0 flail.
* * * LOW HITPOINT WARNING * * *
You see here a scroll labelled DUGGAEN MOCEE.
Terence attacks as you move away! Terence hits you with a +0 flail.
You die...

#<# #..... #.#
###### #.# #?# #.#
# ######## #.#
#.###....... #.#
#.........#. #@#
#####.#####. #@#
#.# #. #.# #.# ##
#.# #.#
##.#########.#
#............#
........###########
######.## #. ..


You could see Terence.

Vanquished Creatures
  A bat (D:1)
  3 endoplasms (D:1)
  A goblin (D:2)
  2 hobgoblins (D:1)
  3 jackals (D:1)
  2 quokkas (D:1)
  3 ball pythons (D:1)
  A frilled lizard (D:1)
  A kobold (D:1)
17 creatures vanquished.

Notes
Turn   | Place    | Note
-------+----------+-------------------------------------------
     0 | D:1      | Keeyek the Gargoyle Reaver began the quest for the Orb.
     0 | D:1      | Reached XP level 1. HP: 12/12 MP: 3/3
   259 | D:1      | Reached XP level 2. HP: 14/17 MP: 5/5
   327 | D:1      | Found Tughuzur's Jewellery Emporium.
   484 | D:1      | Found a faded altar of an unknown god.
   497 | D:1      | Prayed at the altar of an unknown god.
   497 | D:1      | Became a worshipper of Makhleb the Destroyer
   497 | D:1      | Reached * piety under Makhleb
  1147 | D:1      | You fall into a shaft and drop 1 floor!
  1204 | D:2      | Noticed Terence
  1218 | D:2      | Slain by Terence

Illustrated notes

Levels and vault maps discovered:
D:1:      scummos_arrival_gate, layout_basic,
          shapermc_ecumenical_altar_mp_highgroup, serial_shops,
          nicolae_shop_trees
D:2:      layout_loops_ring, minmay_tromino_v4_b, uniq_terence

Action                   || total
-------------------------++-------
Melee: Mace              ||    56
       Staff             ||     6
Armor: Leather armour    ||    20
       Scale mail        ||     5
Dodge: Dodged            ||    32

Table legend: (Time is in decaauts)
 A = Elapsed time spent in this place.
 B = Non-inter-level travel time spent in this place.
 C = Inter-level travel time spent in this place.
 D = Time resting spent in this place.
 E = Time spent auto-exploring this place.
 F = Levels seen in this place.
 G = Mean time per level.
                   A        B        C        D        E       F      G
               +--------+--------+--------+--------+--------+-----+--------+
         Total |   1231 |   1048 |    183 |      0 |      0 |   2 |  615.5 |
       Dungeon |   1231 |   1048 |    183 |      0 |      0 |   2 |  615.5 |
               +--------+--------+--------+--------+--------+-----+--------+

Top non-repeatable levels by time:
     D:1: 1160 daAuts
     D:2: 71 daAuts
